 Dungeon Crawl Stone Soup version 0.28.0-43-g3370ac3207 (webtiles) character file.

Game seed: 7735536182589737396

4 diana the Insei (level 1, -1/16 HPs)
             Began as a Demonspawn Gladiator on Mar 20, 2022.
             Slain by a gnoll
             ... wielding a +0 flail of pain
              (9 damage)
             ... on level 1 of the Dungeon.
             The game lasted 00:00:56 (362 turns).

diana the Insei (Demonspawn Gladiator)               Turns: 362, Time: 00:00:57

Health: -1/16      AC:  4    Str: 14    XL:     1   Next: 50%
Magic:  1/1        EV: 12    Int:  9    God:
Gold:   0          SH:  0    Dex: 14    Spells: 0/0 levels left

rFire   . . .      SeeInvis .     - Unarmed
rCold   . . .      Faith    .   (no shield)
rNeg    + . .      Spirit   .   a - +0 leather armour
rPois   .          Reflect  .   b - +0 helmet
rElec   .          Harm     .   (no cloak)
rCorr   .          Rampage  .   (no gloves)
Will    .....                   (no boots)
Stlth   +.........              (no amulet)
HPRegen 0.05/turn               g - ring of positive energy
MPRegen 0.07/turn               (no ring)

@: no status effects
A: no striking features
a: no special abilities


You were on level 1 of the Dungeon.
You visited 1 branch of the dungeon, and saw 1 of its levels.

Inventory:

Missiles
 c - 3 throwing nets (quivered)
Armour
 a - a +0 leather armour (worn)
 b - a +0 helmet (worn)
Jewellery
 g - a ring of positive energy (left hand)
Scrolls
 d - a scroll of identify {unknown}
 e - a scroll of blinking {unknown}
 f - a scroll of enchant weapon {unknown}


   Skills:
 + Level 2.2 Fighting
 - Level 1.7 Throwing
 - Level 2.6 Dodging
 + Level 2.8 Unarmed Combat


You couldn't memorise any spells.
You didn't know any spells.
Your spell library contained the following spells:

 Spells                   Type           Power      Damage    Failure   Level
 Corpse Rot               Necr/Air       0%         N/A       61%         2
 Poisonous Vapours        Pois/Air       0%         N/A       61%         2


Dungeon Overview and Level Annotations

Branches:
Dungeon (1/15)

Altars:

Shops:
D:1 ?


Message History

There is an open door here.
You open the door.
There is an open door here.
There is an open door here.
There is an open door here.
There is an open door here.
A gnoll comes into view. It is wielding a +0 flail of pain.
A gnoll is nearby!
A gnoll is nearby!
The gnoll shouts!
You hit the gnoll but do no damage. The gnoll misses you.
You hit the gnoll.
The gnoll is lightly wounded.
The gnoll closely misses you.
You hit the gnoll but do no damage.
The gnoll is lightly wounded.
The gnoll hits you with a +0 flail of pain.
You hit the gnoll but do no damage.
The gnoll is lightly wounded.
You hit the gnoll but do no damage.
The gnoll is lightly wounded.
The gnoll barely misses you.
A rat comes into view.
You hit the gnoll but do no damage.
The gnoll is lightly wounded.
The gnoll hits you with a +0 flail of pain!
Ouch! That really hurt!
You are too injured to fight recklessly!
You are too injured to fight recklessly!
You are too injured to fight recklessly!
You are too injured to fight recklessly!
You are too injured to fight recklessly!
You are too injured to fight recklessly!
The rat twitches its whiskers.
You see here a bat skeleton.
You hit the gnoll.
The gnoll is lightly wounded.
The gnoll hits you with a +0 flail of pain!
Ouch! That really hurt!
You die...

#.....# #.....# ###.....#######
############ ..........>...##
####........... ###########.#..#
##....########## #
#.....#.##.###..####.........
#####.###.#.##..#..##...####'####
..................##.#### #...# #
#####.#.#.#.###.@##.## #...#
#.#..[...###g##.#### ###+####
#.####...###r#)##≈.###.....##
#.........##.#.#≈≈..#....^..#
#####.#.#.##...#≈≈..'...<...'
#..∩..##.#.#≈≈..#.......#
###.#.##.#.##≈.###.....##
#...##.##.#### ###'####
######..#.## #...#


You could see a gnoll and a rat.

Vanquished Creatures
  2 ball pythons (D:1)
  2 bats (D:1)
  A frilled lizard (D:1)
5 creatures vanquished.

Notes
Turn   | Place    | Note
-------+----------+-------------------------------------------
     0 | D:1      | diana the Demonspawn Gladiator began the quest for the Orb.
     0 | D:1      | Reached XP level 1. HP: 16/16 MP: 1/1
   207 | D:1      | Found Veang's Magic Scroll Emporium.
   362 | D:1      | Slain by a gnoll

Illustrated notes

Levels and vault maps discovered:
D:1:      dpeg_arrival_another_circle, layout_basic, serial_shops,
          nicolae_shop_crystal, minmay_misc_feat_encased

Action                   || total
-------------------------++-------
Melee: Unarmed           ||    18
Armor: Leather armour    ||     7
Dodge: Dodged            ||    16
